AoeStats
← normanxavier454

Arena

511550010Analyzed
2v2 RM · 11d ago on Oct 5, 2026· 44m 56s· 4 players
Game mode
Random Map
Map size
Medium (4 player)
Population
200
Speed
Normal
Resources
Standard
Victory
Conquest
Starting age
Dark Age
Ending age
Imperial Age
RankedLock teamsTeams togetherTeam positionsShared explorationLock speedFull tech treeHidden civsTurbo modeCheats
Victory
Defeat
🇦🇷 Slavs · Argentina
882
+16
🇻🇳 Spanish · Vietnam
880
+16
vs
🇹🇷 Britons · Türkiye
888
-16
🇹🇷 Huns · Türkiye
888
-16
骨川 スネ夫
10:36 Feudal Age
15:20 Castle Age
13:07 Loom
13:41 Stone Mining
14:21 Double-Bit Axe
29:09 Imperial Age
27:37 Gold Mining
27:29 Horse Collar
27:49 Town Watch
29:15 Wheelbarrow
28:38 Fletching
30:09 Stone Shaft Mining
31:36 Conscription
32:00 Town Patrol
32:23 Padded Archer Armor
34:10 Hand Cart
36:50 Forging
36:46 Scale Barding Armor
37:01 Husbandry
37:12 Bloodlines
42:28 Cavalier
45:29 Hoardings
normanxavier454
8:48 Loom
11:31 Feudal Age
12:02 Double-Bit Axe
12:00 Horse Collar
15:05 Wheelbarrow
20:33 Castle Age
19:55 Forging
20:35 Bloodlines
21:55 Husbandry
22:55 Bow Saw
22:59 Heavy Plow
24:24 Scale Barding Armor
24:54 Stone Mining
27:25 Chain Barding Armor
28:50 Fletching
28:46 Elite Skirmisher
30:00 Bodkin Arrow
34:09 Imperial Age
33:27 Town Watch
34:14 Padded Archer Armor
36:41 Chemistry
36:13 Hand Cart
36:44 Leather Archer Armor
42:44 Pikeman
44:07 Fortified Wall
44:18 Ballistics
44:13 Detinets
Gurk Han
11:59 Feudal Age
16:57 Castle Age
15:19 Double-Bit Axe
18:24 Horse Collar
20:34 Elite Skirmisher
22:25 Bow Saw
24:09 Pikeman
25:21 Town Watch
29:23 Wheelbarrow
35:10 Imperial Age
38:52 Bloodlines
38:45 Husbandry
THE BRONZE BOMBER
11:12 Feudal Age
15:53 Castle Age
14:38 Double-Bit Axe
14:43 Loom
19:38 Gold Mining
22:29 Fletching
22:58 Horse Collar
29:24 Imperial Age
27:57 Bow Saw
28:54 Yeomen
28:27 Fletching
28:38 Padded Archer Armor
29:14 Gambesons
29:31 Squires
29:40 Bodkin Arrow
29:56 Pikeman
31:25 Ballistics
31:01 Murder Holes
32:12 Forging
32:02 Scale Mail Armor
32:03 Bracer
32:37 Conscription
34:42 Hoardings
35:01 Leather Archer Armor
35:01 Masonry
35:41 Chain Mail Armor
37:20 Wheelbarrow
36:47 Heavy Plow
43:57 Gold Shaft Mining
43:12 Stone Mining
44:51 Chemistry
43:57 Siege Engineers
43:57 Warwolf
44:55 Iron Casting
44:53 Ring Archer Armor
44:50 Squires
45:18 Fortified Wall
Connection lost

Rejoining the realm…

Still unreachable

The connection could not be restored.

Session expired

The server has moved on; the page needs a fresh start.